 Dungeon Crawl Stone Soup version 0.25-a0-86-ga6f17ae7d4 (webtiles) character file.

Game seed: 8942288891310737631, levelgen mode: deterministic

122364 D1HalberdGnoll the Warrior (level 16, -19/138 HPs)
             Began as a Merfolk Skald on Nov 9, 2019.
             Was an Elder of Fedhas.
             Demolished by a tyrant leech (20 damage)
             ... called by a spriggan druid
             ... on level 3 of the Swamp.
             The game lasted 01:56:38 (54013 turns).

D1HalberdGnoll the Warrior (Merfolk Skald)         Turns: 54013, Time: 01:56:38

Health: -19/138    AC: 18    Str: 16    XL:     16   Next: 87%
Magic:  0/24       EV: 18    Int: 14    God:    Fedhas [****..]
Gold:   2222       SH: 15    Dex: 17    Spells: 22/25 levels left

rFire    + + .     SeeInvis .   J - +2 spear (pierce)
rCold    + . .     Gourm    .   p - +1 shield {rN+}
rNeg     + . .     Faith    .   q - +5 chain mail of Tomorrow {rF+ Dex+3}
rPois    +         Spirit   +   I - +0 helmet
rElec    .         Reflect  .   r - scarf {rC+ rF+}
rCorr    .         Harm     .   O - +0 pair of gloves
MR       +....                  Z - +0 pair of boots {Stlth+}
Stlth    ..........             z - amulet of guardian spirit
HPRegen  0.33/turn              l - +4 ring of evasion
MPRegen  0.19/turn              t - ring of poison resistance

@: no status effects
A: change form in water, swift swim, stealthy swim, blurry vision 1
a: Wall of Briars, Grow Ballistomycete, Overgrow, Renounce Religion


You were on level 3 of the Swamp.
You worshipped Fedhas.
Fedhas was greatly pleased with you.
You were very hungry.

You visited 5 branches of the dungeon, and saw 27 of its levels.
You also visited: Ossuary and Gauntlet.

You collected 2703 gold pieces.
You spent 481 gold pieces at shops.

Inventory:

Hand Weapons
 J - a +2 spear of piercing (weapon)
Missiles
 i - 88 poisoned darts (quivered)
 k - 2 curare-tipped darts
 y - a throwing net
Armour
 p - a +1 shield of positive energy (worn)
 q - the +5 chain mail of Tomorrow (worn) {rF+ Dex+3}
   (You bought it in a shop on level 2 of the Orcish Mines)

   It affects your dexterity (+3).
   It protects you from fire.
 r - a scarf of resistance (worn)
 I - a +0 helmet (worn)
 O - a +0 pair of gloves (worn)
 Z - a +0 pair of boots of stealth (worn)
Jewellery
 b - an uncursed ring of resist corrosion {unknown}
 l - a +4 ring of evasion (left hand)
 t - a ring of poison resistance (right hand)
 v - a +5 ring of strength
 z - an amulet of guardian spirit (around neck)
 R - an uncursed ring of protection from cold
Wands
 a - a wand of acid (8)
 f - a wand of flame (12)
 m - a wand of disintegration (13)
 C - a wand of enslavement (1)
 H - a wand of digging (6)
 N - a wand of polymorph (6)
 T - a wand of iceblast (20)
Scrolls
 e - 12 scrolls of remove curse
 g - 6 scrolls of teleportation
 n - 8 scrolls of enchant armour
 o - 8 scrolls of amnesia
 L - 2 scrolls of vulnerability
 M - 7 scrolls of immolation
 V - 3 scrolls of fog
 Y - 4 scrolls of identify
Potions
 c - 4 potions of agility
 j - 5 potions of haste
 s - a potion of brilliance
 u - 2 potions of might
 w - 2 potions of lignification
 x - 4 potions of curing
 A - 4 potions of flight
 B - 3 potions of magic
 D - 2 potions of invisibility
 E - 3 potions of berserk rage
 F - 3 potions of ambrosia
 K - 2 potions of cancellation
 U - a potion of mutation
 X - a potion of resistance
Miscellaneous
 P - a lamp of fire
Comestibles
 d - 29 rations


   Skills:
 + Level 15.8 Fighting
 - Level 14.0 Polearms
 - Level 5.0 Armour
 - Level 15.0 Dodging
 * Level 14.8 Shields
 - Level 5.0 Spellcasting
 + Level 8.7 Charms
 + Level 10.8 Invocations


You had 22 spell levels left.
You knew the following spells:

 Your Spells              Type           Power        Failure   Level  Hunger
a - Infusion              Chrm           ####         8%          1    None
b - Song of Slaying       Chrm           ####....     12%         2    ##.....

Your spell library contained the following spells:

 Spells                   Type           Power        Failure   Level  Hunger
 Shroud of Golubria       Chrm/Tloc      ###...       56%         2    ##.....
 Swiftness                Chrm/Air       ###.....     56%         2    ##.....
 Regeneration             Chrm/Necr      ###.......   80%         3    ###....
 Spectral Weapon          Hex/Chrm       ###.....     80%         3    ###....
 Magic Dart               Conj           #...         95%         1    None
 Shock                    Conj/Air       #...         95%         1    None
 Blink                    Tloc           N/A          99%         2    ##.....
 Call Imp                 Summ           #.......     99%         2    ##.....
 Slow                     Hex            #.......     99%         2    ##.....
 Conjure Flame            Conj/Fire      #.......     100%        3    ###....
 Mephitic Cloud           Conj/Pois/Air  #.......     100%        3    ###....
 Static Discharge         Conj/Air       #.......     100%        3    ###....
 Airstrike                Air            #.........   100%        4    ####...
 Lightning Bolt           Conj/Air       #.........   100%        5    ######.


Dungeon Overview and Level Annotations

Branches:
Dungeon (15/15)            Temple (1/1) D:6            Lair (6/6) D:9
  Swamp (3/4) Lair:3        Snake (0/4) Lair:4        Slime (0/5) Lair:5
    Orc (2/2) D:11            Elf (0/3) Orc:2        Vaults (0/5) D:13
 Depths (0/5) D:15        Ossuary (visited)         Gauntlet (visited)

Altars:
Ashenzari
Cheibriados
Dithmenos
Elyvilon
Fedhas
Gozag
Hepliaklqana
Kikubaaqudgha
Makhleb
Nemelex Xobeh
Okawaru
Qazlal
Ru
Sif Muna
Trog
Uskayaw
Vehumet
Wu Jian
Xom
Yredelemnul
Zin
The Shining One
Jiyva

Shops:
D:4 =(%[   D:10 }   D:11 !   D:13 *   D:15 *   Orc:2 =([*

Annotations:
D:12 exclusion: downstairs
Swamp:1 3 runed translucent doors, Uhueg's ghost, adept MiBe
Swamp:2 1 runed translucent door
Orc:2 2 runed translucent doors, exclusion: orange crystal statue


Innate Abilities, Weirdness & Mutations

You revert to your normal form in water.
You are very nimble and swift while swimming.
You are very stealthy in the water. (Stealth+)
Scrolls take you a little longer to read.


Message History

The alligator bites you.
* * * LOW HITPOINT WARNING * * *
You block the alligator's attack. The alligator bites you!
* * * LOW HITPOINT WARNING * * *
The alligator misses you.
You see here a scroll of teleportation.
Really read with blurry vision while enemies are nearby?
The alligator bites you but does no damage.
The alligator tail-slaps you.
* * * LOW HITPOINT WARNING * * *
The alligator bites you!
* * * LOW HITPOINT WARNING * * *
The alligator tail-slaps you but does no damage.
You begin reading the scroll.
You continue reading the scroll.
You block the alligator's attack. The alligator closely misses you.
You block the alligator's attack.
The alligator tail-slaps you but does no damage.
The tyrant leech bites you!!
You die...
Fedhas appreciates your contribution to the ecosystem.

≈≈≈≈≈≈≈≈.♣♣
♣≈...^≈≈≈♣
≈≈≈≈≈≈..≈♣
♣.≈≈≈≈.≈...≈
≈≈≈≈....≈
♣♣≈≈≈≈≈≈.≈≈≈≈
≈≈≈...≈≈
♣P≈.≈≈≈≈>≈≈≈..
≈.≈≈≈♣P.≈≈≈≈♣♣≈≈§♣♣
.≈≈≈≈♣≈.≈≈§♣♣ ♣≈♣♣
.≈≈....ww..♣ ♣♣
.≈$≈.≈wtt≈♣♣
.....≈w@w♣♣
....≈♣≈.≈♣
≈.♣♣♣♣♣♣≈♣ ≈♣ ≈≈≈≈
≈≈≈≈≈. ≈≈≈≈≈.≈≈≈
.......≈.
..≈.≈≈..≈≈ ≈≈≈≈≈≈≈


You could see 2 alligators, 2 tyrant leeches, 3 swamp worms and 2 friendly oklob
saplings.

Vanquished Creatures
  Rupert (D:15)
  Gastronok (Lair:3)
  Kirke (D:14)
  Louise (D:15)
  An orc warlord (Orc:1)
  2 entropy weavers
  A fire dragon (D:15)
  7 hydras
  2 ice dragons
  A catoblepas (Lair:6)
  An ogre mage (D:11)
  3 centaur warriors
  Erica (Lair:2)
  12 alligators
  8 two-headed ogres
  A queen ant (Lair:6)
  2 naga sharpshooters (D:13)
  A tengu warrior (D:12)
  3 orc high priests (Orc:1)
  Sonja (D:11)
  A skeletal warrior (D:13)
  3 unseen horrors
  A spriggan druid (Swamp:3)
  5 swamp dragons
  A wolf spider zombie (D:13)
  5 orc knights
  A mana viper (Lair:3)
  2 manticores
  5 deep elf magi
  An orc sorcerer (Orc:2)
  5 cyclopes
  11 ugly things
  6 elephants
  7 black mambas
  Joseph (D:7)
  Psyche (D:8)
  7 centaur skeletons
  3 gargoyles
  9 spiny frogs
  A kobold demonologist (D:13)
  2 yaktaurs (D:13)
  3 rime drakes
  3 komodo dragons
  A tengu conjurer (D:12)
  8 trolls
  A queen bee (shapeshifter) (D:14)
  2 polar bears (Lair:6)
  Prince Ribbit (D:5)
  6 tyrant leeches
  4 bog bodies
  10 dream sheep
  8 hornets
  12 blink frogs
  12 hippogriffs
  A meliai zombie (D:12)
  Sigmund (D:5)
  18 spriggans
  2 shadows
  2 wyverns
  66 yaks
  A hog (D:14)
  5 basilisks
  13 vampire mosquitoes
  2 hungry ghosts
  2 wargs (Orc:1)
  11 insubstantial wisps (Swamp:2)
  25 soldier ants
  12 swamp worms
  An acid dragon (D:12)
  4 porcupines
  10 water moccasins
  11 swamp drakes
  4 ice beasts
  2 sky beasts
  23 orc warriors
  2 eyes of draining
  A hornet zombie (D:11)
  13 ogres
  7 black bears
  A necrophage (D:7)
  4 boggarts (Lair:6)
  3 phantoms
  55 wolves
  12 centaurs
  12 crocodiles
  7 big kobolds
  19 bullfrogs
  5 scorpions
  18 killer bees
  13 wights
  3 howler monkeys
  3 electric eels
  5 crimson imps
  10 hounds
  2 quasits (D:12)
  2 centaur zombies
  14 orc priests
  A bullfrog zombie (D:10)
  5 bullfrog skeletons
  A gnoll shaman (D:5)
  20 orc wizards
  5 iguanas
  23 worker ants
  7 hell rats
  A killer bee zombie (D:8)
  4 ogre zombies (Ossuary)
  A hound zombie (D:5)
  6 mummies (Ossuary)
  2 hound skeletons
  A worker ant zombie (D:6)
  2 howler monkey skeletons
  6 gnolls
  14 adders
  8 river rats (Lair:1)
  5 shadow imps
  2 oozes (D:2)
  A worm (D:5)
  An adder skeleton (D:8)
  5 adder zombies (Ossuary)
  5 dart slugs
  5 leopard geckos
  53 orcs
  3 ball pythons
  7 bats
  5 giant cockroaches
  6 hobgoblins
  6 jackals
  5 quokkas
  4 frilled lizards
  8 goblins
  4 goblin zombies (Ossuary)
  6 hobgoblin zombies (Ossuary)
  38 kobolds
  6 kobold zombies (Ossuary)
  A quokka skeleton (D:7)
  3 quokka zombies (Ossuary)
  7 rats
  A rat zombie (Ossuary)
  17 ballistomycete spores
938 creatures vanquished.

Vanquished Creatures (collateral kills)
  An entropy weaver (shapeshifter) (D:15)
  A centaur warrior (D:15)
  An anaconda (D:12)
  5 ugly things (D:14)
  A yaktaur (D:13)
  A tyrant leech (Lair:3)
  A yak (D:12)
  2 swamp worms (Swamp:2)
  An orc warrior (D:13)
  A sky beast (D:15)
  A bullfrog (D:15)
  A big kobold (D:13)
  A wight (D:12)
  A crimson imp (D:15)
  2 worker ants
  A kobold (D:12)
  74 ballistomycete spores
96 creatures vanquished.

Vanquished Creatures (others)
  2 spriggans (Swamp:1)
  An oklob plant (Lair:5)
  An acid dragon (D:15)
  A tengu conjurer (D:14)
  3 hornets (Swamp:1)
  A tyrant leech (Swamp:1)
  A hippogriff (Lair:5)
  5 humans (D:15)
  A centaur (D:15)
  2 wolves (Lair:5)
  13 ballistomycete spores
  31 fungi
  15 plants
77 creatures vanquished.

Grand Total: 1111 creatures vanquished

Notes
Turn   | Place    | Note
-------+----------+-------------------------------------------
     0 | D:1      | D1HalberdGnoll the Merfolk Skald began the quest for the
                  | Orb.
     0 | D:1      | Reached XP level 1. HP: 16/16 MP: 3/3
   143 | D:1      | Reached XP level 2. HP: 18/23 MP: 0/5
   275 | D:1      | Reached skill level 1 in Armour
   770 | D:2      | Reached XP level 3. HP: 22/28 MP: 6/6
  1585 | D:2      | Reached XP level 4. HP: 23/34 MP: 3/7
  2236 | D:3      | Reached skill level 5 in Polearms
  2438 | D:3      | Reached XP level 5. HP: 41/41 MP: 5/8
  3888 | D:3      | HP: 2/41 [poisoned by a scorpion]
  4204 | D:4      | Reached XP level 6. HP: 38/47 MP: 9/9
  4660 | D:4      | Found Cokkor's Antique Armour Emporium.
  4664 | D:4      | Bought a glowing shield for 187 gold pieces
  4982 | D:4      | Reached skill level 1 in Shields
  5072 | D:4      | Noticed a phantom
  5223 | D:4      | Killed a phantom
  5223 | D:4      | Reached skill level 5 in Dodging
  5223 | D:4      | Reached XP level 7. HP: 54/54 MP: 10/10
  5239 | D:4      | Found Nunlo's Jewellery Shoppe.
  5337 | D:4      | Found a sacrificial altar of Ru.
  5337 | D:4      | Found a stormy altar of Qazlal.
  5338 | D:4      | Found a shimmering blue altar of Sif Muna.
  5406 | D:4      | Found Ruopiyhe's Antique Weapon Shop.
  5449 | D:4      | Found Xesunk's Food Shop.
  5696 | D:5      | Entered Level 5 of the Dungeon
  6188 | D:5      | Found a white marble altar of Elyvilon.
  6259 | D:5      | Found a sand-covered staircase.
  6283 | D:5      | Reached XP level 8. HP: 28/61 MP: 11/11
  6314 | Ossuary  | Entered an ossuary
  6788 | Ossuary  | Reached skill level 5 in Fighting
  7162 | D:5      | Noticed Sigmund
  7254 | D:5      | Killed Sigmund
  7421 | D:5      | Noticed Prince Ribbit
  7448 | D:5      | Killed Prince Ribbit
  7448 | D:5      | Reached skill level 10 in Polearms
  7762 | D:6      | Found a shadowy altar of Dithmenos.
  7916 | D:6      | Reached XP level 9. HP: 67/69 MP: 12/12
  7976 | D:6      | Found a staircase to the Ecumenical Temple.
  8014 | Temple   | Entered the Ecumenical Temple
  8121 | Temple   | Became a worshipper of Fedhas Madash
  9175 | D:7      | Reached * piety under Fedhas
  9361 | D:7      | Noticed Joseph
  9377 | D:7      | Killed Joseph
  9377 | D:7      | Reached skill level 5 in Shields
  9453 | D:7      | Reached XP level 10. HP: 73/79 MP: 13/13
 10511 | D:8      | Reached ** piety under Fedhas
 10581 | D:8      | Noticed Psyche
 10592 | D:8      | Paralysed by Psyche for 2 turns
 10605 | D:8      | Killed Psyche
 11044 | D:8      | Killed an unseen horror
 12252 | D:9      | Reached *** piety under Fedhas
 12349 | D:9      | Reached XP level 11. HP: 74/87 MP: 14/14
 12413 | D:9      | Reached skill level 10 in Dodging
 12434 | D:9      | Reached skill level 1 in Invocations
 12533 | D:9      | Found a staircase to the Lair.
 12559 | D:10     | Entered Level 10 of the Dungeon
 12832 | D:10     | Found Bapsiefu's Gadget Boutique.
 12925 | D:10     | Noticed a purple ugly thing
 12986 | D:9      | Killed a purple ugly thing
 13554 | Lair:1   | Entered Level 1 of the Lair of Beasts
 14304 | Lair:1   | Reached **** piety under Fedhas
 15530 | Lair:2   | Noticed Erica
 15547 | Lair:2   | Paralysed by something for 6 turns
 15787 | Lair:2   | Killed Erica
 16115 | Lair:2   | Reached skill level 5 in Invocations
 16499 | Lair:2   | Reached skill level 10 in Fighting
 16499 | Lair:2   | Reached XP level 12. HP: 72/97 MP: 11/15
 17879 | Lair:3   | Noticed Urug
 17885 | Lair:3   | Noticed Urug
 17885 | Lair:3   | Urug changed into Urug the mana viper
 17900 | Lair:3   | Killed Urug the mana viper
 20148 | Lair:3   | Noticed Gastronok
 20173 | Lair:3   | Killed Gastronok
 20430 | Lair:3   | Found a staircase to the Swamp.
 21113 | Lair:4   | Found a gate leading to a gauntlet.
 21122 | Gauntlet | Entered a Gauntlet
 21122 | Gauntlet | Found a large runed translucent door.
 21122 | Gauntlet | Found a large runed translucent door.
 21122 | Gauntlet | Found a large runed translucent door.
 21122 | Gauntlet | Found a large runed translucent door.
 21122 | Gauntlet | Found a large runed translucent door.
 21122 | Gauntlet | Found a large runed translucent door.
 21122 | Gauntlet | Found a runed translucent door.
 21122 | Gauntlet | Found a transporter.
 21122 | Gauntlet | Found a runed translucent door.
 21122 | Gauntlet | Found a large runed translucent door.
 21122 | Gauntlet | Found a large runed translucent door.
 21122 | Gauntlet | Found a large runed translucent door.
 21122 | Gauntlet | Found a large runed translucent door.
 21122 | Gauntlet | Found a large runed translucent door.
 21122 | Gauntlet | Found a large runed translucent door.
 21123 | Gauntlet | Found a large runed translucent door.
 21123 | Gauntlet | Found a large runed translucent door.
 21123 | Gauntlet | Found a large runed translucent door.
 21125 | Gauntlet | Found a runed translucent gate.
 21125 | Gauntlet | Found a runed translucent gate.
 21125 | Gauntlet | Found a transporter.
 21125 | Gauntlet | Found a runed translucent gate.
 21126 | Gauntlet | Noticed a blizzard demon
 21127 | Gauntlet | Found a transporter.
 21130 | Gauntlet | Found a transporter.
 21130 | Gauntlet | Found a transporter.
 21131 | Gauntlet | Found a transporter.
 21139 | Gauntlet | Found a transporter.
 21147 | Gauntlet | Found a transporter.
 21197 | Gauntlet | Found a large runed translucent door.
 21206 | Gauntlet | Found a transporter.
 21209 | Gauntlet | Noticed an entropy weaver
 21222 | Gauntlet | Found a transporter.
 21230 | Gauntlet | Noticed a hell hog
 21232 | Gauntlet | Found a transporter.
 21264 | Gauntlet | Found a transporter.
 21438 | Lair:4   | Reached XP level 13. HP: 87/106 MP: 18/18
 21658 | Lair:4   | Reached skill level 10 in Shields
 21707 | Lair:4   | Found a staircase to the Snake Pit.
 24492 | Lair:5   | Found a viscous altar of Jiyva.
 24536 | Lair:5   | Found a staircase to the Slime Pits.
 24549 | Lair:5   | You fall into a shaft and drop 1 floor!
 24549 | Lair:6   | Entered Level 6 of the Lair of Beasts
 24555 | Lair:6   | Noticed an entropy weaver
 24701 | Lair:5   | HP: 4/107 [spiny frog (9)]
 26941 | Lair:6   | Noticed an entropy weaver
 28146 | Lair:6   | Reached XP level 14. HP: 110/116 MP: 21/21
 28545 | Lair:5   | Killed an entropy weaver
 29171 | Lair:6   | Reached skill level 10 in Invocations
 29867 | Lair:6   | Killed an entropy weaver
 30793 | Lair:6   | Reached skill level 15 in Dodging
 32994 | D:11     | Found a staircase to the Orcish Mines.
 33221 | D:11     | Reached ***** piety under Fedhas
 33364 | D:11     | Found Nuis's Distillery.
 33871 | D:11     | Noticed Sonja
 33883 | D:11     | Killed Sonja
 35386 | D:12     | Reached XP level 15. HP: 125/125 MP: 22/22
 37228 | D:12     | Reached skill level 5 in Spellcasting
 39625 | D:13     | Reached skill level 5 in Armour
 39646 | D:13     | Found a gate to the Vaults.
 40226 | D:13     | Found Saewn's Serpentskin Sales.
 41473 | D:15     | Entered Level 15 of the Dungeon
 41476 | D:15     | Found Fyeniriuff's Sacrilege Store.
 41480 | D:15     | Noticed Louise
 41579 | D:15     | Killed Louise
 41933 | D:15     | Found a basalt altar of Yredelemnul.
 41957 | D:15     | Reached skill level 5 in Charms
 41964 | D:15     | Noticed Kirke
 42469 | D:14     | Killed Kirke
 43234 | D:15     | Learned a level 2 spell: Song of Slaying
 43727 | D:15     | Noticed Rupert
 43830 | D:15     | HP: 5/127 [fire dragon (6)]
 44318 | D:15     | Reached skill level 15 in Fighting
 44611 | D:15     | Paralysed by Rupert for 7 turns
 44685 | D:15     | Identified the ring "Lighacw" {*Contam +Blink rN+ Int+3}
 44691 | D:15     | Killed Rupert
 44691 | D:15     | Reached XP level 16. HP: 61/136 MP: 3/23
 45647 | D:15     | Found a staircase to the Depths.
 45859 | Orc:1    | Entered Level 1 of the Orcish Mines
 46199 | Orc:1    | You fall into a shaft and drop 1 floor!
 46199 | Orc:2    | Entered Level 2 of the Orcish Mines
 46199 | Orc:2    | Found a staircase to the Elven Halls.
 46199 | Orc:2    | Found Omenas's General Store.
 46199 | Orc:2    | Found Xedunuh's Antique Armour Shoppe.
 47461 | Orc:2    | Gained mutation: Scrolls take you a little longer to read.
                  | [a neqoxec]
 48227 | Orc:2    | Bought a brightly glowing chain mail for 294 gold pieces
 48229 | Orc:2    | Identified the +5 chain mail of Tomorrow {rF+ Dex+3} (You
                  | bought it in a shop on level 2 of the Orcish Mines)
 48304 | Orc:2    | Found Beihigro's Antique Weapon Shop.
 48398 | Orc:2    | Found Xolostul's Jewellery Emporium.
 48746 | Orc:2    | Found a runed translucent door.
 48759 | Orc:2    | Found the +10 large shield of Ignorance {rN+ Int-4}
 48782 | Orc:2    | Found a runed translucent door.
 49308 | Swamp:1  | Entered Level 1 of the Swamp
 50090 | Swamp:1  | Found a runed translucent gate.
 50090 | Swamp:1  | Found a runed translucent gate.
 50090 | Swamp:1  | Found a runed translucent gate.
 50090 | Swamp:1  | Noticed Uhueg's ghost (adept MiBe)
 50091 | Swamp:1  | Found the +3 giant club "Skullcrusher" {speed, Str+7}
 52606 | Swamp:2  | Found a runed translucent door.
 54012 | Swamp:3  | HP: 1/138 [alligator[a spriggan druid] (13)]
 54013 | Swamp:3  | Demolished by a tyrant leech

Levels and vault maps discovered:
D:1:      dpeg_arrival_concentric_ovals, layout_rooms
D:2:      minmay_evil_eye, layout_loops_corners, serial_park_tiny_2,
          minmay_pentomino_w4
D:3:      layout_rooms
D:4:      layout_gridville, gammafunk_temple_overflow_claw, serial_shops,
          shop_fountains, shop, kennysheep_mini_moat, nicolae_shop_trees
D:5:      layout_rooms, first_ration, nicolae_ossuary_entry_ruins,
          elyvilon_altar_5, uniq_sigmund, uniq_prince_ribbit1
D:6:      layout_rooms, kennysheep_mini, minmay_temple_entry_butterflies,
          dk_noncrumbling_2, minmay_misc_feat_columns, kennysheep_doodads,
          st_stairs_14
D:7:      layout_basic, grunt_ogre_cave, uniq_joseph
D:8:      layout_rooms, kennysheep_small_square, uniq_psyche
D:9:      layout_basic, lair_entry_dummy, st_stairs_14,
          kennysheep_generic_room_4
D:10:     layout_irregular_city, serial_shops, nicolae_shop_window_shopping
D:11:     layout_long_grid, david_orc_2, serial_shops, nicolae_shop_statue_plus,
          uniq_sonja
D:12:     layout_loops_ring, minmay_radiant
D:13:     layout_basic, hangedman_vaults_entry_quadrant_bands,
          guppyfry_shop_venom
D:14:     layout_basic, grunt_decor_arrowhead, minmay_tree_intersection,
          grunt_ministairs_9
D:15:     grunt_enter_depths_hoard, layout_loops_ring, grunt_decor_one_mirror,
          serial_bayou_pond_d, st_stairs_11, nicolae_evil_shop, uniq_kirke,
          uniq_rupert, uniq_louise
Temple:   dpeg_five_rooms_temple
Lair:1:   layout_regular_city, kennysheep_rathole, grunt_megastairs_4
Lair:2:   layout_loops_ring, infiniplex_staircase_pool_2, grunt_megastairs_5,
          uniq_erica
Lair:3:   layout_gridlike, nicolae_swamp_entry_splash_gauntlet,
          beast_lair_carwin_2, lemuel_fruit_tree, minmay_lair_oklob_chamber,
          uniq_gastronok, uniq_urug
Lair:4:   layout_small_grid, dummy_snake_entry, gauntlet_entry_generic
Lair:5:   layout_regular_city, slime_altar_1, grunt_forest_large_clearings
Lair:6:   minmay_lair_end_enchanted_forest, layout_cave_shapes, zaba_anthell,
          serial_bayou_shore_b
Swamp:1:  layout_falls_marsh, gammafunk_ghost_necromancy,
          infiniplex_staircase_pool, swamp_pool1
Swamp:2:  gammafunk_mikee_crab_dinner, layout_basic_swamp,
          nicolae_swamp_dense_foliage, swamp_pool5, hangedman_swamp_wriggling
Swamp:3:  layout_basic_swamp, evilmike_swamp_ruin_house_3
Orc:1:    layout_caves, nicolae_orc_rockfall
Orc:2:    grunt_orc_gardens, layout_diamond_mine, grunt_orc_garden,
          grunt_orc_garden, grunt_orc_garden, grunt_orc_garden, enter_volcano_4,
          chequers_guarded_unrand_ignorance

Skill      XL: |  1  2  3  4  5  6  7  8  9 10 11 12 13 14 15 16 |
---------------+-------------------------------------------------+-----
Dodging        | 3 4 5 6 8 9 11 13 14 15 | 15.0
Armour         | 1 2 3 5 |  5.0
Polearms       | 4 5 6 7 8 10 12 14 | 14.0
Fighting       | 3 4 5 7 8 10 11 12 13 15 | 15.8
Shields        | 1 2 4 5 6 8 9 11 12 13 14 | 14.8
Invocations    | 5 7 9 10 | 10.8
Spellcasting   | 4 5 |  5.0
Charms         | 6 8 |  8.7

Action                   |  1- 3 |  4- 6 |  7- 9 | 10-12 | 13-15 | 16-18 || total
-------------------------+-------+-------+-------+-------+-------+-------++-------
Melee: Spear             |   119 |   204 |       |  1008 |  3711 |  1588 ||  6630
       Trident           |       |   137 |   548 |   309 |       |       ||   994
       Tailslap          |       |       |       |     5 |       |   135 ||   140
       Unarmed           |       |       |       |       |     8 |       ||     8
Throw: Dart              |     4 |    12 |    20 |    27 |   176 |    16 ||   255
 Cast: Infusion          |     2 |    10 |       |     2 |     3 |     4 ||    21
       Song of Slaying   |       |       |       |       |     3 |     3 ||     6
Invok: Wall of Briars    |       |       |       |     4 |    12 |       ||    16
       Grow Ballistomyce |       |       |       |    10 |    15 |     1 ||    26
       Overgrow          |       |       |       |       |     6 |     2 ||     8
Evoke: Wand              |       |       |       |     9 |    28 |    14 ||    51
       Lamp of fire      |       |       |       |     1 |     3 |       ||     4
  Use: Scroll            |       |     4 |    10 |     9 |    18 |     6 ||    47
       Potion            |       |     1 |     5 |     4 |    13 |     2 ||    25
 Stab: Confused          |       |       |       |     4 |     4 |     9 ||    17
       Paralysed         |       |       |       |     1 |    31 |       ||    32
       Distracted        |       |       |       |       |     3 |       ||     3
       Sleeping          |       |       |       |       |     1 |       ||     1
  Eat: Chunk             |     2 |    12 |     8 |    22 |    32 |    15 ||    91
       Ration            |       |       |     2 |     5 |    16 |     4 ||    27
Armor: Leather armour    |     3 |       |       |       |       |       ||     3
       Scale mail        |    21 |    90 |    69 |   101 |   357 |    22 ||   660
       Ring mail         |     1 |       |       |       |       |       ||     1
       Skin              |       |       |       |       |    40 |       ||    40
       Chain mail        |       |       |       |       |       |   172 ||   172
Dodge: Dodged            |    52 |   174 |   187 |   406 |  1704 |   555 ||  3078
Block: Shield            |       |    29 |   145 |   418 |  1657 |   697 ||  2946

Table legend:
 A = Non-vault XP
 B = Vault XP
 C = Vault XP percentage of total XP
 D = Non-vault monster count
 E = Vault monster count
 F = Vault count percentage of total count
                 A         B        C        D         E       F
            +---------+---------+-------+---------+---------+-------
      Total |  116359 |   58447 |  33.4 |     657 |     288 |  30.5
            +---------+---------+-------+---------+---------+-------
        D:1 |      26 |       0 |   0.0 |      16 |       0 |   0.0
        D:2 |     124 |      33 |  21.0 |      19 |      12 |  38.7
        D:3 |     121 |       0 |   0.0 |      24 |       0 |   0.0
        D:4 |     778 |       0 |   0.0 |      25 |       0 |   0.0
        D:5 |     229 |     527 |  69.7 |      12 |       2 |  14.3
        D:6 |     926 |      45 |   4.6 |      22 |       1 |   4.3
        D:7 |    1580 |     547 |  25.7 |      31 |       2 |   6.1
        D:8 |    1841 |    1286 |  41.1 |      30 |       5 |  14.3
        D:9 |    1896 |      45 |   2.3 |      24 |       2 |   7.7
       D:10 |    1898 |       0 |   0.0 |      24 |       0 |   0.0
       D:11 |   11233 |    2429 |  17.8 |      46 |      10 |  17.9
       D:12 |    8613 |    1799 |  17.3 |      55 |       3 |   5.2
       D:13 |    4388 |    5544 |  55.8 |      30 |      20 |  40.0
       D:14 |    5579 |    3526 |  38.7 |      16 |       6 |  27.3
       D:15 |   11817 |    7119 |  37.6 |      33 |       6 |  15.4
     Lair:1 |    3595 |     260 |   6.7 |      17 |      11 |  39.3
     Lair:2 |    5433 |    1294 |  19.2 |      26 |       2 |   7.1
     Lair:3 |    7379 |    4297 |  36.8 |      32 |      11 |  25.6
     Lair:4 |    5837 |    2923 |  33.4 |      19 |      25 |  56.8
     Lair:5 |    7279 |    5396 |  42.6 |      27 |      35 |  56.5
     Lair:6 |    7938 |   10273 |  56.4 |      30 |      62 |  67.4
    Swamp:1 |   10674 |       0 |   0.0 |      34 |       0 |   0.0
    Swamp:2 |   12100 |    1795 |  12.9 |      36 |      10 |  21.7
    Swamp:3 |    2615 |       0 |   0.0 |       8 |       0 |   0.0
      Orc:1 |     852 |    7407 |  89.7 |       7 |      18 |  72.0
      Orc:2 |    1608 |    1598 |  49.8 |      14 |       9 |  39.1
    Ossuary |       0 |     304 | 100.0 |       0 |      36 | 100.0
            +---------+---------+-------+---------+---------+-------
